 Dungeon Crawl Stone Soup version 0.21-a0-78-g82a99e0 (webtiles) character file.

223 4thArraOfDagon the Skirmisher (level 5, 0/70 HPs)
             Began as a Minotaur Abyssal Knight on June 21, 2017.
             Was a Believer of Lugonu.
             Killed by divine providence
             ... invoked by an orc priest
              (15 damage)
             ... on level 4 of the Dungeon.
             The game lasted 00:04:47 (1067 turns).

4thArraOfDagon the Skirmisher (MiAK)                Turns: 1067, Time: 00:04:47

Health: 0/70       AC:  9    Str: 21    XL:     5   Next: 66%
Magic:  5/5        EV:  8    Int: 15    God:    Lugonu [**....]
Gold:   190        SH:  0    Dex: 10    Spells: 4/4 levels left

rFire    . . .     SeeInvis .   a - +1 falchion
rCold    . . .     Gourm    .   (no shield)
rNeg     . . .     Faith    .   e - +0 chain mail
rPois    .         Spirit   .   (helmet restricted)
rElec    .         Reflect  .   (no cloak)
rCorr    .         Harm     .   (no gloves)
MR       ++...                  (no boots)
Stlth    ..........             d - amulet of rage
HPRegen  0.21/turn              f - ring of protection from magic
MPRegen  0.09/turn              l - ring of protection from magic

@: brilliant, berserking, very quick
A: retaliatory headbutt, horns 2, deterioration 1
a: Depart the Abyss, Bend Space, Renounce Religion, Evoke Berserk Rage


You were on level 4 of the Dungeon.
You worshipped Lugonu.
Lugonu was pleased with you.
You were hungry.

You visited 1 branch of the dungeon, and saw 4 of its levels.
You visited the Abyss 1 time.

You collected 190 gold pieces.

Inventory:

Hand Weapons
 a - a +1 falchion (weapon)
 h - a +1 short sword of holy wrath
 r - the cursed +1 hunting sling of Nuades {venom, Dex+9, unknown}
   (You found it on level 4 of the Dungeon)

   It poisons the ammo it fires.
   It affects your dexterity (+9).
   It has a curse placed upon it.
Armour
 b - a +0 leather armour
 e - a +0 chain mail (worn)
Jewellery
 d - an amulet of rage (around neck)
 f - a ring of protection from magic (left hand)
 g - a cursed amulet of inaccuracy {unknown}
 l - a ring of protection from magic (right hand)
Wands
 p - a wand of flame (19/48)
Scrolls
 i - 3 scrolls of identify {unknown}
 j - a scroll of amnesia {unknown}
 k - a scroll of enchant armour {unknown}
 n - a scroll of blinking {unknown}
 o - a scroll of immolation {unknown}
 s - a scroll of fear {unknown}
 t - a scroll of enchant weapon {unknown}
 u - a scroll of teleportation {unknown}
Potions
 m - a potion of cancellation {unknown}
 q - a potion of haste {unknown}
 v - a potion of brilliance
 w - a potion of ambrosia {unknown}
Comestibles
 c - 2 bread rations


   Skills:
 + Level 4.4 Fighting
 * Level 3.9 Long Blades
 + Level 3.5 Armour
 + Level 2.3 Dodging
 + Level 2.5 Invocations
 * Level 2.2 Evocations


You had 4 spell levels left.
You didn't know any spells.

Dungeon Overview and Level Annotations

Branches:
Dungeon (4/15)
 Temple: D:4-7

Altars:
Ashenzari
Gozag
Qazlal
Wu Jian


Innate Abilities, Weirdness & Mutations

You reflexively headbutt those who attack you in melee.
You have a pair of horns on your head.
Your body sometimes deteriorates upon taking damage.


Message History

You hit the orc.
The orc is lightly wounded.
The orc hits you but does no damage.
You hit the orc. Your headbutt misses the orc.
The orc is heavily wounded.
You slash the orc!
You kill the orc!
Lugonu accepts your kill.
You slash the orc!
You kill the orc!
Lugonu accepts your kill.
You feel your strength returning.
The orc priest invokes the aid of Beogh against you.
Beogh smites you!
* * * LOW HITPOINT WARNING * * *
An adder comes into view.
The orc closely misses you.
The orc priest invokes the aid of Beogh against you.
Beogh smites you!
You die...

#
##################.#
...............(@o.#
...###############oS#
..## ## .#.# ...#
...# .#.# ..## ...#


You could see an orc priest, an adder and an orc.

Vanquished Creatures
  2 iguanas (D:4)
  A hound skeleton (D:4)
  5 adders
  3 gnolls (D:2)
  A shadow imp (D:4)
  2 oozes
  2 worms
  A dart slug (D:2)
  3 leopard geckos
  3 orcs
  2 giant cockroaches
  4 goblins
  5 hobgoblins
  6 jackals (D:1)
  5 kobolds
  A ball python (D:2)
  5 bats
  6 frilled lizards
  2 rats (D:3)
59 creatures vanquished.

Notes
Turn   | Place    | Note
-------+----------+-------------------------------------------
     0 | Abyss:1  | 4thArraOfDagon the Minotaur Abyssal Knight began the quest for the Orb.
     0 | Abyss:1  | Reached XP level 1. HP: 19/19 MP: 1/1
    30 | Abyss:1  | Noticed a large abomination
    51 | Abyss:1  | Noticed a neqoxec
    58 | Abyss:1  | Noticed an iron imp
    58 | Abyss:1  | Gained mutation: Your body sometimes deteriorates upon taking damage. [a neqoxec]
    59 | Abyss:1  | Noticed a crimson imp
    67 | Abyss:1  | Noticed a thrashing horror
    67 | D:1      | Escaped the Abyss
   295 | D:2      | Reached XP level 2. HP: 21/27 MP: 2/2
   320 | D:2      | Reached * piety under Lugonu
   358 | D:1      | Reached skill level 1 in Evocations
   385 | D:1      | Reached XP level 3. HP: 28/33 MP: 3/3
   512 | D:2      | Reached skill level 4 in Fighting
   520 | D:2      | Reached XP level 4. HP: 40/40 MP: 4/4
   529 | D:2      | Found a shattered altar of Ashenzari.
   608 | D:3      | Reached ** piety under Lugonu
   726 | D:3      | Found an opulent altar of Gozag.
   753 | D:3      | Reached XP level 5. HP: 42/47 MP: 5/5
   797 | D:2      | Found an ornate altar of the Wu Jian Council.
   898 | D:4      | Found Uhofuz's Antique Armour Shop.
   927 | D:4      | Got a twisted hunting sling
   945 | D:4      | Found a stormy altar of Qazlal.
  1067 | D:4      | Killed from afar by an orc priest

Vault maps used:
D:1:      dpeg_arrival_connections, serial_curves, eino_curves_04,
          eino_curves_01, eino_curves_03, minmay_lizard_pond
D:2:      lemuel_round_altar, evilmike_ruin_ashenzari, first_bread,
          kennysheep_generic_room_10
D:3:      grunt_gozag_statues, kennysheep_pointless_box, roderic_lattice_a,
          minmay_strange_pillars
D:4:      wad_river_or_something, kennysheep_mini, kennysheep_little_box,
          temple_hall, serial_shops, nicolae_shop_temple_entry_statues_fountains

Skill      XL: |  1  2  3  4  5 |
---------------+----------------+-----
Invocations    | 2 |  2.5
Evocations     | 1 2 |  2.2
Long Blades    | 3 |  3.9
Fighting       | 4 |  4.4
Armour         | 3 |  3.5
Dodging        | 2 |  2.3

Action                   |  1- 3 |  4- 6 || total
-------------------------+-------+-------++-------
Melee: Falchion          |    54 |    86 ||   140
       Headbutt          |     9 |    11 ||    20
Invok: Depart the Abyss  |     1 |       ||     1
 Abil: Evoke Berserk Rag |     2 |     3 ||     5
  Use: Scroll            |     1 |       ||     1
       Potion            |       |     1 ||     1
  Eat: Chunk             |       |     5 ||     5
Armor: Chain mail        |    37 |    60 ||    97
       Leather armour    |     3 |       ||     3
Dodge: Dodged            |    22 |    47 ||    69
       Rpst.: Falchion   |     7 |    14 ||    21
